 Dungeon Crawl Stone Soup version 0.24.0-13-gcf9b3192b9 (webtiles) character file.

Game seed: 8618342069169698618, levelgen mode: deterministic

222 Esekla the Charmwright (level 5, -3/29 HPs)
             Began as a Deep Elf Skald on Nov 6, 2019.
             Shot with an arrow by a centaur (10 damage)
             ... on level 5 of the Dungeon.
             The game lasted 00:16:51 (2493 turns).

Esekla the Charmwright (Deep Elf Skald)             Turns: 2493, Time: 00:16:52

Health: -3/29      AC:  3    Str:  8    XL:     5   Next: 66%
Magic:  10/11      EV: 13    Int: 18    God:
Gold:   119        SH:  0    Dex: 15    Spells: 2/10 levels left

rFire    . . .     SeeInvis .   a - +1 falchion
rCold    . . .     Gourm    .   (no shield)
rNeg     . . .     Faith    .   b - +0 leather armour
rPois    .         Spirit   .   (no helmet)
rElec    .         Reflect  .   (no cloak)
rCorr    .         Harm     .   (no gloves)
MR       .....                  (no boots)
Stlth    +.........             (no amulet)
HPRegen  0.09/turn              (no ring)
MPRegen  0.12/turn              (no ring)

@: no status effects
A: no striking features
a: no special abilities


You were on level 5 of the Dungeon.
You were very hungry.

You visited 1 branch of the dungeon, and saw 5 of its levels.

You collected 119 gold pieces.

Inventory:

Hand Weapons
 a - a +1 falchion (weapon)
Missiles
 f - 6 javelins (quivered)
Armour
 b - a +0 leather armour (worn)
 j - a +0 buckler
 q - a +0 pair of gloves
Jewellery
 l - an uncursed ring of ice
 p - an uncursed ring of see invisible {unknown}
Scrolls
 n - a scroll of teleportation
 r - a scroll of fear {unknown}
Potions
 c - a potion of brilliance
 i - a potion of agility
Comestibles
 d - 4 rations


   Skills:
 - Level 1.5 Fighting
 * Level 4.0 Long Blades
 + Level 1.7 Armour
 * Level 4.0 Dodging
 - Level 3.0 Spellcasting
 - Level 4.4 Charms
 * Level 1.3 Necromancy
 * Level 1.3 Translocations


You had 2 spell levels left.
You knew the following spells:

 Your Spells              Type           Power        Failure   Level  Hunger
a - Infusion              Chrm           ###.         3%          1    None
b - Shroud of Golubria    Chrm/Tloc      ##....       11%         2    ##.....
c - Song of Slaying       Chrm           ###.....     6%          2    ##.....
g - Regeneration          Chrm/Necr      ##........   22%         3    ###....

Your spell library contained the following spells:

 Spells                   Type           Power        Failure   Level  Hunger
 Spectral Weapon          Hex/Chrm       ##......     28%         3    ###....


Dungeon Overview and Level Annotations

Branches:
Dungeon (5/15)
 Temple: D:4-7

Altars:
Hepliaklqana
Nemelex Xobeh
Qazlal
Yredelemnul
The Shining One

Annotations:
D:4 Dowan, Duvessa


Message History

The jackal barks!
A jackal comes into view.
Found a quarterstaff.
You hit the jackal.
The jackal is heavily wounded.
The jackal misses you. The jackal completely misses you.
You slash the jackal!
You kill the jackal!
You closely miss the jackal.
The jackal barks!
The jackal misses you.
You riposte.
You slash the jackal!
You kill the jackal!
Found an encrusted wooden wand.
Found 15 arrows.
You now have 119 gold pieces (gained 12).
A centaur comes into view.
You feel a little less mighty now.
The centaur wields a +0 shortbow.
The centaur shoots an arrow.
The arrow hits you!
You die...

#.#.# # #.#.# . ....
#.#.# . ..... #.#.# .
..... #)#.# .#..# #.#.#
# .#..# #.#.##.##.##
.#..#########...@.......
.#............#.##.##.##
.#......#######<.# #
.).................
....#####.###.#...#..
..........# ..(/..# ...
#...#####.#.# .c..# ..
##.## #.#. ##..# . ##.#
#.# ..#


You could see a centaur.

Vanquished Creatures
  An ogre (D:5)
  Jessica (D:2)
  A worker ant (D:5)
  Robin (D:3)
  An adder (D:3)
  A worm (D:3)
  A dart slug (D:1)
  An orc (D:3)
  7 bats
  2 giant cockroaches
  2 gnoll zombies (D:2)
  16 goblins
  8 hobgoblins
  2 jackals (D:5)
  3 kobolds
  A quokka (D:2)
  5 frilled lizards
  7 rats
61 creatures vanquished.

Notes
Turn   | Place    | Note
-------+----------+-------------------------------------------
     0 | D:1      | Esekla the Deep Elf Skald began the quest for the Orb.
     0 | D:1      | Reached XP level 1. HP: 12/12 MP: 6/6
   664 | D:1      | Reached XP level 2. HP: 15/16 MP: 8/8
   757 | D:1      | Reached skill level 1 in Armour
   997 | D:2      | Learned a level 2 spell: Shroud of Golubria
  1000 | D:2      | Learned a level 2 spell: Song of Slaying
  1135 | D:2      | Found a sparkling altar of Nemelex Xobeh.
  1153 | D:2      | Noticed Jessica
  1154 | D:2      | Found a stormy altar of Qazlal.
  1162 | D:2      | Killed Jessica
  1162 | D:2      | Reached XP level 3. HP: 8/20 MP: 6/9
  1491 | D:2      | Found a glowing golden altar of the Shining One.
  1625 | D:2      | Found a basalt altar of Yredelemnul.
  1631 | D:2      | Learned a level 3 spell: Regeneration
  1993 | D:3      | Reached XP level 4. HP: 18/25 MP: 5/10
  2280 | D:3      | Found a hazy altar of Hepliaklqana.
  2308 | D:3      | Noticed Robin
  2340 | D:3      | Killed Robin
  2402 | D:4      | Noticed Duvessa
  2402 | D:4      | Noticed Dowan
  2424 | D:5      | Entered Level 5 of the Dungeon
  2433 | D:5      | Reached skill level 1 in Translocations
  2433 | D:5      | Reached XP level 5. HP: 8/29 MP: 6/11
  2442 | D:5      | Noticed an ogre
  2447 | D:5      | Killed an ogre
  2447 | D:5      | Reached skill level 1 in Necromancy
  2492 | D:5      | Noticed a centaur
  2493 | D:5      | Shot with an arrow by a centaur

Levels and vault maps discovered:
D:1:      arrival_zaba_pyramid, layout_basic
D:2:      layout_basic, overflow_temple_1_default,
          lemuel_zombie_altar_yredelemnul, nemelex_xobeh_ov_fountains_minmay,
          grunt_qazlal_clouds, minmay_quantized, uniq_jessica
D:3:      layout_rooms, nicolae_overflow_crystal_walls, patterned_corridor,
          uniq_robin
D:4:      minmay_spotlight, layout_loops_ring, uniq_ijyb, uniq_duvessa,
          uniq_pikel
D:5:      layout_basic, led_sif_book, basic_altar, first_ration, uniq_grinder

Skill      XL: |  1  2  3  4  5 |
---------------+----------------+-----
Long Blades    | 2 3 4 |  4.0
Armour         | 1 |  1.7
Dodging        | 3 4 |  4.0
Translocations | 1 |  1.3
Necromancy     | 1 |  1.3
Fighting       | |  1.5
Spellcasting   | |  3.0
Charms         | |  4.4

Action                   |  1- 3 |  4- 6 || total
-------------------------+-------+-------++-------
Melee: Falchion          |   118 |    70 ||   188
Throw: Javelin           |     3 |     2 ||     5
 Cast: Infusion          |     2 |     3 ||     5
       Shroud of Golubri |     1 |     2 ||     3
       Regeneration      |     1 |       ||     1
       Song of Slaying   |       |     1 ||     1
  Use: Potion            |       |     5 ||     5
       Scroll            |       |     4 ||     4
  Eat: Ration            |     1 |       ||     1
       Chunk             |       |     1 ||     1
Armor: Leather armour    |    29 |    12 ||    41
Dodge: Dodged            |    75 |    61 ||   136
       Rpst.: Falchion   |    25 |    18 ||    43
